 Dungeon Crawl Stone Soup version 0.30-b1-2-g02819fbbbe (webtiles) character file.

Game seed: 13145336139367418669

569 snakesoul the Trooper (level 7, -3/62 HPs)
             Began as a Hill Orc Fighter on June 13, 2023.
             Slain by a gnoll
             ... wielding a +1 whip of venom
             ... led by a gnoll bouda
              (4 damage)
             ... on level 5 of the Dungeon.
             The game lasted 00:05:32 (3879 turns).

snakesoul the Trooper (Hill Orc Fighter)            Turns: 3879, Time: 00:05:34

Health: -3/62      AC:  8    Str: 21    XL:     7   Next: 33%
Magic:  6/6        EV:  9    Int:  8    God:
Gold:   203        SH:  5    Dex: 10    Spells: 6/6 levels left

rFire   . . .        a - +0 war axe
rCold   . . .        c - +0 buckler
rNeg    . . .        b - +0 scale mail
rPois   .            (no helmet)
rElec   .            o - +0 cloak
rCorr   .            (no gloves)
SInv    .            (no boots)
Will    .....        (no amulet) Stlth
                     (no ring)
HPRegen 0.30/turn    (no ring)
MPRegen 0.10/turn

%: no passive effects
@: lethally poisoned (-3 -> -16)
A: low MP 1
a: no special abilities


You were on level 5 of the Dungeon.
You visited 2 branches of the dungeon, and saw 6 of its levels.

You collected 203 gold pieces.

Inventory:

Hand Weapons
 a - a +0 war axe (weapon)
Armour
 b - a +0 scale mail (worn)
 c - a +0 buckler (worn)
 o - a +0 cloak (worn)
Jewellery
 l - a ring of protection from fire
Wands
 s - a wand of polymorph (5)
Scrolls
 e - a scroll of poison {unknown}
 g - 4 scrolls of identify {unknown}
 h - 2 scrolls of fear {unknown}
 j - 2 scrolls of immolation {unknown}
 r - a scroll of teleportation {unknown}
Potions
 d - 2 potions of might
 f - a potion of mutation
 k - 3 potions of magic
 n - a potion of curing {unknown}
 p - a potion of lignification {unknown}
 q - a potion of flight {unknown}
 t - a potion of cancellation {unknown}


   Skills:
 + Level 5.7 Fighting
 + Level 5.6 Axes
 + Level 5.2 Armour
 + Level 5.3 Shields


You had 6 spell levels left.
You didn't know any spells.
Your spell library contained the following spells:

 Spells                   Type           Power      Damage    Failure   Level
 Apportation              Tloc           0%         N/A       80%         1
 Lesser Beckoning         Tloc           0%         N/A       90%         2
 Gell's Gravitas          Tloc           0%         N/A       99%         3
 Teleport Other           Tloc           0%         N/A       99%         3


Dungeon Overview and Level Annotations

Branches:
Dungeon (5/15)             Temple (1/1) D:4

Altars:
Cheibriados
Fedhas
Gozag
Hepliaklqana
Kikubaaqudgha
Nemelex Xobeh
Ru
Uskayaw
Vehumet
Wu Jian
Xom
Yredelemnul

Shops:
D:1 !(!?

Annotations:
D:5 Blork the orc


Innate Abilities, Weirdness & Mutations

Your magical capacity is low. (-10% MP)


Message History

You are more poisoned.
The ice beast closely misses you. The ice beast attacks as you move away!
The ice beast barely misses you.
Found a stone staircase leading down.
You feel very sick.
You hit the ice beast.
The ice beast is heavily wounded.
You barely miss the gnoll.
You feel less invigorated.
You feel less confused.
You feel very sick. The gnoll barely misses you.
The ice beast hits you but does no damage.
The gnoll barely misses you.
You barely miss the ice beast.
The ice beast is heavily wounded.
You hit the gnoll.
You feel very sick. The ice beast barely misses you.
The gnoll barely misses you.
Unknown command.
You slash the ice beast!
The ice beast is severely wounded.
You closely miss the gnoll.
You feel sick. You block the ice beast's attack.
The gnoll hits you with a +1 whip of venom.
* * * LOW HITPOINT WARNING * * *
Unknown command.
You hit the ice beast.
The ice beast is almost dead.
You hit the gnoll but do no damage.
You feel sick. You block the ice beast's attack.
The gnoll hits you with a +1 whip of venom.
* * * LOW HITPOINT WARNING * * *
You are lethally poisoned!
The ice beast hits you but does no damage.
You hit the ice beast.
You kill the ice beast!
You hit the gnoll.
* * * LOW HITPOINT WARNING * * *
You feel very sick.
The gnoll hits you with a +1 whip of venom.
You die...

..##..... .
..........
..........
##.........
##..........
#...........
#.....:.....
#..<).......
#..g@.......
#......##...
......#..##
>.#...#...
.. ##......#
. #......#
........ #.
.......


You could see a gnoll.

Vanquished Creatures
  An ice beast (D:5)
  An ogre (D:4)
  A scorpion (D:4)
  3 hounds
  2 orc priests (D:3)
  Crazy Yiuf (D:2)
  A gnoll bouda (D:5)
  Terence (D:3)
  An iguana (D:4)
  2 gnolls (D:5)
  3 adders
  An ufetubus (D:4)
  4 worms
  3 dart slugs
  7 orcs
  9 endoplasms
  2 giant cockroaches
  7 goblins
  6 hobgoblins
  4 jackals (D:2)
  12 kobolds
  6 quokkas
  5 ball pythons
  6 bats
  5 frilled lizards
  7 rats
101 creatures vanquished.

Notes
Turn   | Place    | Note
-------+----------+-------------------------------------------
     0 | D:1      | snakesoul the Hill Orc Fighter began the quest for the Orb.
     0 | D:1      | Reached XP level 1. HP: 19/19 MP: 1/1
   240 | D:1      | Reached XP level 2. HP: 27/27 MP: 2/2
   241 | D:1      | Found Icrill's Magic Scroll Boutique.
   308 | D:1      | Found Vouphics's Distillery.
   409 | D:1      | Found Nuqecun's Weapon Boutique.
   418 | D:1      | Found Pyojir's Distillery.
   849 | D:2      | Reached XP level 3. HP: 33/33 MP: 3/3
   977 | D:2      | Found a faded altar of an unknown god.
   998 | D:2      | Got Plato's Meditations on Distance
  1377 | D:2      | Found an opulent altar of Gozag.
  1673 | D:2      | Found a runed translucent door.
  1674 | D:2      | Noticed Crazy Yiuf
  1760 | D:2      | Killed Crazy Yiuf
  1761 | D:2      | Reached XP level 4. HP: 31/41 MP: 0/4
  2071 | D:3      | Reached XP level 5. HP: 27/47 MP: 5/5
  2423 | D:3      | Noticed Terence
  2429 | D:3      | Killed Terence
  2688 | D:3      | Reached XP level 6. HP: 48/55 MP: 6/6
  2947 | D:4      | Reached skill level 5 in Fighting
  3144 | D:4      | Reached skill level 5 in Axes
  3144 | D:4      | Reached skill level 5 in Shields
  3323 | D:4      | Found a staircase to the Ecumenical Temple.
  3330 | Temple   | Entered the Ecumenical Temple
  3528 | D:4      | Found a hazy altar of Hepliaklqana.
  3579 | D:4      | Reached skill level 5 in Armour
  3579 | D:4      | Reached XP level 7. HP: 58/61 MP: 7/7
  3794 | D:5      | Entered Level 5 of the Dungeon
  3794 | D:5      | Noticed Blork the orc
  3867 | D:5      | Gained mutation: Your magical capacity is low. (-10% MP)
                  | [potion of mutation]
  3879 | D:5      | HP: 1/62 [poisoned by a gnoll]
  3879 | D:5      | Slain by a gnoll

Illustrated notes

Levels and vault maps discovered:
D:1:      lightli_arrival_noodles, layout_basic, serial_shops, shop, shop,
          nicolae_shop_hallway_plus, nicolae_shop_peninsula, minmay_domino_2
D:2:      layout_basic, basic_altar, shapermc_ecumenical_altar_rom_forum,
          uniq_crazy_yiuf_cottage
D:3:      layout_loops_cross, uniq_terence
D:4:      layout_loops_cross, nzn_hepliaklqana_mist_gate,
          minmay_temple_entry_wispy
D:5:      layout_cave_pools, mainiacjoe_overflow_tiny_flanked,
          gup_ossuary_entry_pyramid, hellmonk_ghost_happy_afterlife,
          grunt_tough_drop, uniq_pikel, uniq_blork_the_orc, uniq_grinder,
          uniq_edmund
Temple:   hellmonk_temple_micro_hex

Skill      XL: |  1  2  3  4  5  6 |
---------------+-------------------+-----
Axes           | 3 4 5 |  5.6
Fighting       | 4 5 |  5.7
Armour         | 4 5 |  5.2
Shields        | 4 5 |  5.3

Action                     |  1- 3 |  4- 6 |  7- 9 || total
---------------------------+-------+-------+-------++-------
  Melee: War axe           |   127 |   116 |    47 ||   290
    Use: Potion            |       |     1 |     5 ||     6
 Armour: Scale mail        |    73 |    34 |    32 ||   139
  Dodge: Dodged            |    58 |    40 |    36 ||   134
  Block: Buckler           |    23 |    13 |    20 ||    56
